 Dungeon Crawl Stone Soup version 0.27-a0-1084-g78b3836a5f (webtiles) character file.

Game seed: 10106900003224478730

926 kae the Chopper (level 8, -2/70 HPs)
             Began as a Hill Orc Fighter on Apr 26, 2021.
             Was an Initiate of Qazlal.
             Slain by Pikel
             ... wielding a +2 whip of electrocution
              (20 damage)
             ... on level 5 of the Dungeon.
             The game lasted 00:03:37 (5804 turns).

kae the Chopper (Hill Orc Fighter)                  Turns: 5804, Time: 00:03:37

Health: -2/70      AC:  9    Str: 21    XL:     8   Next: 10%
Magic:  9/9        EV: 12    Int:  8    God:    Qazlal [......]
Gold:   228        SH:  9    Dex: 10    Spells: 7/7 levels left

rFire    . . .     SeeInvis +   a - +1 war axe
rCold    . . .     Faith    .   c - +0 kite shield
rNeg     . . .     Spirit   .   b - +0 scale mail
rPois    .         Reflect  .   (no helmet)
rElec    .         Harm     .   o - +1 cloak
rCorr    .         Rampage  .   (no gloves)
Will     .....                  (no boots)
Stlth    ..........             (no amulet)
HPRegen  0.21/turn              k - +4 ring of evasion
MPRegen  0.11/turn              l - ring of see invisible

@: no status effects
A: no striking features
a: Renounce Religion


You were on level 5 of the Dungeon.
You worshipped Qazlal.
Qazlal was noncommittal.
You visited 2 branches of the dungeon, and saw 6 of its levels.

You collected 228 gold pieces.

Inventory:

Hand Weapons
 a - a +1 war axe (weapon)
Armour
 b - a +0 scale mail (worn)
 c - a +0 kite shield (worn)
 o - a +1 cloak (worn)
Jewellery
 k - a +4 ring of evasion (left hand)
 l - a ring of see invisible (right hand)
Scrolls
 h - a scroll of blinking
 i - a scroll of teleportation
 q - a scroll of enchant weapon
Potions
 d - a potion of might
 e - a potion of attraction
 f - a potion of mutation
 g - a potion of curing
 j - a potion of invisibility
 m - a potion of brilliance
 n - a potion of resistance {unknown}
 p - a potion of heal wounds {unknown}


   Skills:
 + Level 5.9 Fighting
 * Level 7.7 Axes
 + Level 5.4 Armour
 + Level 3.0 Dodging
 - Level 3.2 Shields
 * Level 1.9 Invocations


You had 7 spell levels left.
You didn't know any spells.
Your spell library contained the following spells:

 Spells                   Type           Power      Damage    Failure   Level
 Animate Skeleton         Necr           0%         N/A       99%         1
 Pain                     Necr           0%         1d4       99%         1
 Summon Small Mammal      Summ           0%         N/A       99%         1
 Call Imp                 Summ           0%         N/A       100%        2
 Call Canine Familiar     Summ           0%         N/A       100%        3
 Summon Guardian Golem    Hex/Summ       0%         N/A       100%        3
 Vampiric Draining        Necr           0%         2d6       100%        3
 Animate Dead             Necr           0%         N/A       100%        4
 Summon Ice Beast         Ice/Summ       0%         N/A       100%        4
 Summon Lightning Spire   Summ/Air       0%         N/A       100%        4
 Agony                    Necr           0%         N/A       100%        5


Dungeon Overview and Level Annotations

Branches:
Dungeon (5/15)             Temple (1/1) D:5

Altars:
Ashenzari
Cheibriados
Dithmenos
Elyvilon
Kikubaaqudgha
Nemelex Xobeh
Okawaru
Qazlal
Ru
Sif Muna
Uskayaw
Vehumet
Wu Jian
Xom
Yredelemnul
Zin
The Shining One

Shops:
D:1 !   D:2 [

Annotations:
D:5 Pikel


Message History

Your scale mail prevents you from hitting Pikel.
You hit the lemure. Pikel misses you. The lemure hits you.
The lemure barely misses you. Pikel closely misses you.
The lemure closely misses you.
There are monsters nearby!
There are monsters nearby!
You closely miss Pikel. Pikel hits you but does no damage.
You slash Pikel!
Pikel is moderately wounded.
Pikel hits you but does no damage. Pikel closely misses you.
You slash Pikel!
Pikel is heavily wounded.
Pikel hits you with a +2 whip of electrocution.
You miss Pikel.
Pikel is heavily wounded.
A lemure comes into view.
Pikel hits you with a +2 whip of electrocution!
You are too injured to fight recklessly!
You are too injured to fight recklessly!
You are too injured to fight recklessly!
You are too injured to fight recklessly!
You are too injured to fight recklessly!
You closely miss Pikel.
Pikel is heavily wounded.
Pikel hits you with a +2 whip of electrocution!
You are electrocuted!
* * * LOW HITPOINT WARNING * * *
Pikel barely misses you.
You barely miss Pikel.
Pikel is heavily wounded.
Pikel barely misses you.
You closely miss Pikel.
Pikel is heavily wounded.
You block Pikel's attack.
You barely miss Pikel.
Pikel is heavily wounded.
Pikel hits you with a +2 whip of electrocution.
* * * LOW HITPOINT WARNING * * *
You are electrocuted!!
You die...

#.###.## ####
......# ....
#.#...# #...
......# ##########
#.## #.....##
#.........
##††...#
#.#######.
#...#.#####.#####
##...............#
...#..##########@#
....>.# #K#
......# #555#
.#.#...# #...5..
##.#.#...
..........
#.#....#
###.......... #.#
<... ##...#...##
.# .# #. #.###.#.#
... .. ###. ...


You could see Pikel and 4 lemures.

Vanquished Creatures
  An ice beast (D:5)
  An ogre (D:4)
  A phantom (D:4)
  2 scorpions (D:5)
  3 orc priests
  A jelly (D:5)
  A bullfrog skeleton (D:5)
  2 hounds (D:5)
  3 iguanas
  2 orc wizards (D:3)
  3 gnolls (D:5)
  A howler monkey skeleton (D:5)
  7 adders
  A shadow imp (D:5)
  A dart slug (D:2)
  13 orcs
  6 ball pythons
  9 endoplasms
  A giant cockroach (D:4)
  6 goblins
  7 hobgoblins
  6 jackals
  10 kobolds
  6 quokkas
  A bat (D:1)
  5 frilled lizards
  6 rats
106 creatures vanquished.

Notes
Turn   | Place    | Note
-------+----------+-------------------------------------------
     0 | D:1      | kae the Hill Orc Fighter began the quest for the Orb.
     0 | D:1      | Reached XP level 1. HP: 19/19 MP: 1/1
   115 | D:1      | Reached skill level 3 in Axes
   169 | D:1      | Reached XP level 2. HP: 26/27 MP: 2/2
   183 | D:1      | Found Xoogoskeuph's Distillery.
   617 | D:1      | Reached XP level 3. HP: 33/33 MP: 3/3
   849 | D:2      | Found a hide-covered altar of Uskayaw.
   864 | D:2      | Found Aczoq's Armour Emporium.
  1420 | D:2      | Found a faded altar of an unknown god.
  1590 | D:3      | Reached skill level 4 in Axes
  1693 | D:3      | Reached skill level 1 in Dodging
  1693 | D:3      | Reached XP level 4. HP: 40/40 MP: 4/4
  2363 | D:3      | Reached XP level 5. HP: 33/47 MP: 5/5
  2371 | D:3      | Reached skill level 5 in Axes
  3371 | D:3      | Found an ornate altar of the Wu Jian Council.
  3372 | D:3      | Found a shimmering altar of Xom.
  3509 | D:4      | Found a sparkling altar of Nemelex Xobeh.
  3703 | D:4      | Reached XP level 6. HP: 55/55 MP: 6/6
  4053 | D:4      | Found an iron altar of Okawaru.
  4115 | D:4      | Reached skill level 5 in Fighting
  4115 | D:4      | Reached skill level 6 in Axes
  4416 | D:4      | Reached XP level 7. HP: 60/61 MP: 7/7
  4428 | D:4      | HP: 1/61 [orc/+0 flail (5)]
  5008 | D:5      | Entered Level 5 of the Dungeon
  5085 | D:5      | Found a sacrificial altar of Ru.
  5240 | D:5      | Reached skill level 5 in Armour
  5243 | D:5      | Found a staircase to the Ecumenical Temple.
  5254 | D:5      | Reached skill level 7 in Axes
  5276 | Temple   | Entered the Ecumenical Temple
  5524 | Temple   | Became a worshipper of Qazlal Stormbringer
  5635 | D:5      | Reached skill level 1 in Invocations
  5635 | D:5      | Reached XP level 8. HP: 56/70 MP: 7/9
  5789 | D:5      | Noticed Pikel
  5804 | D:5      | Slain by Pikel

Illustrated notes

Levels and vault maps discovered:
D:1:      sevenhm_arrival_forest_fort_small_6, layout_loops_ring, serial_shops,
          nicolae_shop_behind_doors
D:2:      layout_loops_cross, basic_altar, shapermc_ecumenical_altar_notcrosses,
          serial_shops, shop, chequers_hall_statues_wall_a,
          chequers_serial_rivers_room_b
D:3:      layout_loops_corners, amethyst_overflow_temple_binary
D:4:      layout_gridville, okawaru_metal_pillars_1_2,
          nemelex_xobeh_ov_fountains_minmay, minmay_misc_feat_columns
D:5:      layout_loops_ring, nicolae_ru_sacrificial_ziggurat,
          minmay_temple_entry_sparse_star, uniq_pikel
Temple:   minmay_temple_curvy_loop

Skill      XL: |  1  2  3  4  5  6  7  8 |
---------------+-------------------------+-----
Axes           | 3 4 5 6 7 |  7.7
Fighting       | 4 5 |  5.9
Dodging        | 1 2 3 |  3.0
Armour         | 4 5 |  5.4
Invocations    | 1 |  1.9
Shields        | |  3.2

Action                   |  1- 3 |  4- 6 |  7- 9 || total
-------------------------+-------+-------+-------++-------
Melee: War axe           |   106 |   129 |   111 ||   346
  Use: Scroll            |     5 |     6 |     2 ||    13
       Potion            |       |       |     1 ||     1
Armor: Scale mail        |    49 |    52 |    35 ||   136
Dodge: Dodged            |    32 |    31 |    70 ||   133
Block: Kite shield       |    47 |    71 |    52 ||   170

Table legend: (Time is in decaauts)
 A = Elapsed time spent in this place.
 B = Non-inter-level travel time spent in this place.
 C = Inter-level travel time spent in this place.
 D = Time resting spent in this place.
 E = Time spent auto-exploring this place.
 F = Levels seen in this place.
 G = Mean time per level.
                   A        B        C        D        E       F      G
               +--------+--------+--------+--------+--------+-----+--------+
         Total |   5970 |   5791 |    179 |    346 |   4634 |   6 |  995.0 |
       Dungeon |   5692 |   5582 |    110 |    346 |   4428 |   5 | 1138.4 |
        Temple |    277 |    208 |     69 |      0 |    206 |   1 |  277.0 |
               +--------+--------+--------+--------+--------+-----+--------+

Top non-repeatable levels by time:
     D:3: 1948 daAuts
     D:4: 1567 daAuts
     D:1: 838 daAuts
     D:2: 788 daAuts
     D:5: 550 daAuts
  Temple: 277 daAuts
